 Dungeon Crawl Stone Soup version 0.27-a0-1186-g8b4daa1eef (webtiles) character file.

Game seed: 5011875438575987936

9718 voltaire321 the Nimble (level 11, -1/87 HPs)
             Began as a Merfolk Gladiator on May 19, 2021.
             Was a Priest of Makhleb.
             Slain by a cane toad (6 damage)
             ... on level 1 of the Lair of Beasts on May 20, 2021.
             The game lasted 00:38:03 (12884 turns).

voltaire321 the Nimble (Merfolk Gladiator)         Turns: 12884, Time: 00:38:03

Health: -1/87      AC: 15    Str: 14    XL:     11   Next: 50%
Magic:  16/16      EV: 17    Int:  8    God:    Makhleb [***...]
Gold:   579        SH:  8    Dex: 25    Spells: 10/10 levels left

rFire    + . .     SeeInvis .   a - +1 long sword
rCold    + . .     Faith    .   K - +0 kite shield
rNeg     . . .     Spirit   .   u - +0 acid dragon scales
rPois    .         Reflect  .   c - +0 helmet
rElec    .         Harm     .   b - scarf {rC+ rF+}
rCorr    +         Rampage  .   (no gloves)
Will     .....     Clarity  +   k - +2 pair of boots
Stlth    ++........             g - amulet of the acrobat
HPRegen  0.24/turn              i - +4 ring of protection
MPRegen  0.15/turn              r - +6 ring of dexterity

@: lethally poisoned (-1 -> -18)
A: (nimble swimmer 2), mertail, clarity
a: Renounce Religion, Minor Destruction, Lesser Servant of Makhleb


You were on level 1 of the Lair of Beasts.
You worshipped Makhleb.
Makhleb was most pleased with you.
You visited 3 branches of the dungeon, and saw 12 of its levels.

You collected 579 gold pieces.

Inventory:

Hand Weapons
 a - a +1 long sword (weapon)
Missiles
 d - 5 throwing nets
 m - 78 poisoned darts (quivered)
 o - 17 boomerangs
 x - 3 javelins
 C - 7 curare-tipped darts
Armour
 b - a scarf of resistance (worn)
 c - a +0 helmet (worn)
 k - a +2 pair of boots (worn)
 u - +0 acid dragon scales (worn)
 J - +0 gold dragon scales
 K - a +0 kite shield (worn)
Jewellery
 g - an amulet of the acrobat (around neck)
 i - a +4 ring of protection (left hand)
 r - a +6 ring of dexterity (right hand)
 s - a ring of resist corrosion
 w - a ring of willpower
 y - a +6 ring of intelligence
 E - a +4 ring of slaying
 H - an amulet of guardian spirit
Wands
 q - a wand of iceblast (11)
 A - a wand of acid (5)
 G - a wand of flame (13)
Scrolls
 e - 3 scrolls of vulnerability
 f - 2 scrolls of fear
 h - 2 scrolls of identify
 j - 3 scrolls of magic mapping
 l - 3 scrolls of fog
 n - 2 scrolls of enchant armour
 p - 7 scrolls of amnesia
 v - a scroll of blinking
Potions
 t - 2 potions of haste
 z - 2 potions of cancellation
 D - a potion of ambrosia
 F - a potion of lignification
 I - a potion of invisibility


   Skills:
 + Level 8.5 Fighting
 + Level 9.1 Long Blades
 + Level 8.0 Throwing
 + Level 5.0 Armour
 + Level 10.6 Dodging
 + Level 6.6 Invocations


You had 10 spell levels left.
You didn't know any spells.
Your spell library contained the following spells:

 Spells                   Type           Power      Damage    Failure   Level
 Corona                   Hex            0%         N/A       99%         1
 Shock                    Conj/Air       0%         1d3       99%         1
 Slow                     Hex            0%         N/A       99%         2
 Static Discharge         Conj/Air       0%         N/A       99%         2
 Inner Flame              Hex/Fire       0%         N/A       100%        3
 Portal Projectile        Hex/Tloc       0%         N/A       100%        3
 Swiftness                Air            0%         N/A       100%        3
 Airstrike                Air            0%         N/A       100%        4
 Cause Fear               Hex            0%         N/A       100%        4
 Leda's Liquefaction      Hex/Erth       0%         N/A       100%        4
 Lightning Bolt           Conj/Air       0%         1d11      100%        5


Dungeon Overview and Level Annotations

Branches:
Dungeon (10/15)            Temple (1/1) D:6            Lair (1/6) D:10
    Orc (0/2) D:9

Altars:
Ashenzari
Cheibriados
Dithmenos
Elyvilon
Fedhas
Gozag
Hepliaklqana
Kikubaaqudgha
Makhleb
Nemelex Xobeh
Okawaru
Qazlal
Ru
Sif Muna
Trog
Uskayaw
Vehumet
Wu Jian
Xom
Yredelemnul
Zin
The Shining One

Annotations:
Lair:1 1 runed translucent door, Ylujecri's ghost, novice HuFi


Innate Abilities, Weirdness & Mutations

((You are quick and stealthy near water. (Stealth+, EV+, Speed+++)))
Your lower body shifts to a powerful aquatic tail in water.
You possess an exceptional clarity of mind.


Message History

You are more poisoned.
The cane toad poisons you!
You barely miss the cane toad.
The cane toad is moderately wounded.
* * * LOW HITPOINT WARNING * * *
You feel extremely sick. The cane toad misses you.
You riposte.
You slash the cane toad!
The cane toad is heavily wounded.
You feel better. The cane toad stings you.
* * * LOW HITPOINT WARNING * * *
You block the cane toad's attack.
You hit the cane toad but do no damage.
The cane toad is heavily wounded.
The cane toad stings you.
* * * LOW HITPOINT WARNING * * *
You hit the cane toad.
The cane toad is severely wounded.
The cane toad stings you but does no damage.
Okay, then.
You hit the cane toad but do no damage.
The cane toad is severely wounded.
The cane toad completely misses you. You block the cane toad's attack.
You barely miss the cane toad.
The cane toad is severely wounded.
The cane toad closely misses you.
You barely miss the cane toad.
The cane toad is severely wounded.
You block the cane toad's attack. The cane toad barely misses you.
You hit the cane toad.
The cane toad is severely wounded.
The cane toad stings you.
* * * LOW HITPOINT WARNING * * *
You are lethally poisoned!
The cane toad poisons you!
You slash the cane toad!
The cane toad is almost dead.
* * * LOW HITPOINT WARNING * * *
You feel extremely sick. The cane toad stings you.
You die...

#.......≈≈≈≈≈≈≈≈≈.#
#.........≈≈≈≈≈....
####.......≈..≈..##
###....##.##.#...#
#....######P....##
#....# ##P†.....
#.##.#####.......#
#.#...##.........#
#@##.####...####..
#F#..# #.........
##F...## #.........
###......#....>......
##.....[.##.....##....
#..................
....
#......##....P.#####
... #...#.. ##.....#
###.... .....##


You could see a cane toad and a bullfrog.

Vanquished Creatures
  A two-headed ogre (D:10)
  A cane toad (Lair:1)
  A kobold demonologist (D:8)
  A komodo dragon (D:10)
  A troll (D:9)
  16 yaks
  2 wyverns
  3 steam dragons
  2 acid dragons
  4 orc warriors
  3 water moccasins
  5 black bears
  An ice beast (D:6)
  An ogre (D:4)
  6 necrophages
  2 centaurs
  A phantom (D:5)
  15 kobold brigands
  5 bullfrogs
  A wyvern zombie (D:8)
  5 scorpions
  6 wights (D:8)
  A howler monkey (D:8)
  3 centaur zombies (D:8)
  A jelly (D:5)
  3 orc priests
  2 gnoll shamans
  An iguana (D:7)
  9 orc wizards
  A hound zombie (D:5)
  3 mummies (D:8)
  2 howler monkey zombies
  A howler monkey skeleton (D:6)
  4 adders
  13 gnolls
  A white imp (D:7)
  An adder skeleton (D:4)
  A worm (D:3)
  A dart slug (D:2)
  16 orcs
  3 ball pythons
  11 endoplasms
  A giant cockroach (D:1)
  4 goblins
  3 hobgoblins
  23 kobolds
  2 quokkas
  5 bats
  2 frilled lizards (D:2)
  A rat (D:2)
202 creatures vanquished.

Vanquished Creatures (others)
  An orc wizard (D:7)
  An orc (D:9)
  5 fungi (D:10)
  6 plants (D:10)
  4 withered plants (D:8)
17 creatures vanquished.

Grand Total: 219 creatures vanquished

Notes
Turn   | Place    | Note
-------+----------+-------------------------------------------
     0 | D:1      | voltaire321 the Merfolk Gladiator began the quest for the
                  | Orb.
     0 | D:1      | Reached XP level 1. HP: 16/16 MP: 1/1
   317 | D:1      | Reached XP level 2. HP: 23/23 MP: 2/2
   423 | D:1      | Found a faded altar of an unknown god.
  1131 | D:2      | Reached XP level 3. HP: 28/28 MP: 3/3
  2110 | D:3      | Noticed a scorpion
  2199 | D:3      | Reached XP level 4. HP: 34/34 MP: 4/4
  2212 | D:3      | Reached skill level 1 in Armour
  2593 | D:3      | Killed a scorpion
  2594 | D:3      | Reached XP level 5. HP: 15/41 MP: 5/5
  2856 | D:3      | Noticed a black bear
  2893 | D:3      | Killed a black bear
  2894 | D:3      | Reached skill level 5 in Dodging
  2894 | D:3      | Reached XP level 6. HP: 9/47 MP: 6/6
  3902 | D:5      | Entered Level 5 of the Dungeon
  3977 | D:5      | Found a hide-covered altar of Uskayaw.
  4007 | D:5      | Reached XP level 7. HP: 51/54 MP: 7/7
  4128 | D:5      | Reached skill level 5 in Long Blades
  4128 | D:5      | Reached skill level 6 in Dodging
  4470 | D:5      | Reached XP level 8. HP: 51/61 MP: 8/8
  4857 | D:6      | Reached skill level 5 in Fighting
  5175 | D:6      | Found a staircase to the Ecumenical Temple.
  5184 | Temple   | Entered the Ecumenical Temple
  5229 | Temple   | Became a worshipper of Makhleb the Destroyer
  6304 | D:7      | Reached skill level 7 in Dodging
  6517 | D:7      | Reached skill level 1 in Invocations
  6694 | D:7      | Reached skill level 5 in Throwing
  6962 | D:7      | Noticed a wyvern
  6974 | D:7      | Killed a wyvern
  6975 | D:7      | Reached XP level 9. HP: 56/69 MP: 10/10
  8265 | D:8      | Reached skill level 8 in Dodging
  8300 | D:8      | Reached * piety under Makhleb
  8529 | D:8      | HP: 3/69 [kobold/+0 short sword (3)]
  8672 | D:8      | Noticed a kobold demonologist
  8698 | D:8      | Reached XP level 10. HP: 28/77 MP: 13/13
  8706 | D:8      | Killed a kobold demonologist
  9035 | D:8      | Reached skill level 9 in Dodging
  9084 | D:8      | Gained mutation: You possess an exceptional clarity of
                  | mind. [potion of mutation]
  9597 | D:8      | Reached skill level 5 in Invocations
  9670 | D:8      | Reached ** piety under Makhleb
 10721 | D:9      | Found a staircase to the Orcish Mines.
 10768 | D:9      | Reached skill level 5 in Armour
 11062 | D:9      | Reached XP level 11. HP: 86/86 MP: 15/15
 11117 | D:9      | Reached skill level 10 in Dodging
 11525 | D:10     | Entered Level 10 of the Dungeon
 11776 | D:10     | Noticed a two-headed ogre
 11792 | D:10     | Killed a two-headed ogre
 11993 | D:10     | Found a staircase to the Lair.
 12009 | D:10     | Reached *** piety under Makhleb
 12286 | D:10     | Identified the +0 robe of the Known World {Str-5 Int+7
                  | Dex-4}
 12691 | Lair:1   | Entered Level 1 of the Lair of Beasts
 12777 | Lair:1   | Found a runed translucent door.
 12780 | Lair:1   | Noticed Ylujecri's ghost (novice HuFi)
 12884 | Lair:1   | Slain by a cane toad

Illustrated notes

Levels and vault maps discovered:
D:1:      minmay_arrival_glassed_features, layout_loops_ring,
          ebering_ecumenical_altar_hall
D:2:      layout_loops_corners, minmay_misc_feat_square
D:3:      layout_rooms
D:4:      layout_gridville, corexii_checkpoint_a, corexii_shack
D:5:      layout_rooms, kennysheep_mini_moat
D:6:      layout_loops_ring, minmay_temple_entry_large_hall
D:7:      layout_loops_ring
D:8:      layout_loops_cross, special_room [special_room_kobold], serial_undead,
          serial_undead_d, serial_undead_e, serial_undead_f, serial_undead_a,
          serial_undead_c, serial_undead_c
D:9:      layout_cave_pools, orc_0_dummy
D:10:     layout_irregular_city, grunt_lair_entry_orc_guard_hut,
          due_unseen_surprise
Temple:   nicolae_temple_the_god_donut
Lair:1:   cheibrodos_lair_river_kwai, layout_misc_corridors,
          hellmonk_ghost_happy_afterlife, infiniplex_staircase_pool_2,
          lemuel_fruit_tree

Skill      XL: |  1  2  3  4  5  6  7  8  9 10 11 |
---------------+----------------------------------+-----
Armour         | 1 2 3 4 5 |  5.0
Fighting       | 3 4 5 6 7 8 |  8.5
Long Blades    | 4 5 6 7 8 9 |  9.1
Throwing       | 3 4 5 6 7 8 |  8.0
Dodging        | 5 6 7 8 9 10 | 10.6
Invocations    | 2 4 5 6 |  6.6

Action                   |  1- 3 |  4- 6 |  7- 9 | 10-12 || total
-------------------------+-------+-------+-------+-------++-------
Melee: Long sword        |    91 |    72 |   321 |   493 ||   977
Throw: Dart              |       |    17 |    19 |    72 ||   108
       Boomerang         |       |       |    57 |    18 ||    75
       Javelin           |       |       |     7 |     3 ||    10
  Use: Scroll            |       |     9 |     8 |     4 ||    21
       Potion            |       |       |     5 |     3 ||     8
 Stab: Sleeping          |     2 |     1 |     2 |       ||     5
       Distracted        |       |       |       |     1 ||     1
Armor: Leather armour    |    34 |    31 |   117 |    59 ||   241
       Skin              |       |       |     3 |       ||     3
       Acid dragon scale |       |       |       |    58 ||    58
Dodge: Dodged            |    67 |    75 |   255 |   401 ||   798
Block: Kite shield       |       |       |       |    15 ||    15
       Rpst.: Long sword |    26 |    19 |    62 |   117 ||   224

Table legend: (Time is in decaauts)
 A = Elapsed time spent in this place.
 B = Non-inter-level travel time spent in this place.
 C = Inter-level travel time spent in this place.
 D = Time resting spent in this place.
 E = Time spent auto-exploring this place.
 F = Levels seen in this place.
 G = Mean time per level.
                   A        B        C        D        E       F      G
               +--------+--------+--------+--------+--------+-----+--------+
         Total |  12707 |  12270 |    437 |   3701 |   5665 |  12 | 1058.9 |
       Dungeon |  12120 |  11704 |    416 |   3701 |   5270 |  10 | 1212.0 |
        Temple |    396 |    375 |     21 |      0 |    328 |   1 |  396.0 |
          Lair |    190 |    190 |      0 |      0 |     66 |   1 |  190.0 |
               +--------+--------+--------+--------+--------+-----+--------+

Top non-repeatable levels by time:
     D:8: 2629 daAuts
     D:7: 1718 daAuts
     D:2: 1577 daAuts
    D:10: 1155 daAuts
     D:3: 1023 daAuts
     D:6: 941 daAuts
     D:9: 929 daAuts
     D:5: 812 daAuts
     D:1: 792 daAuts
     D:4: 540 daAuts
  Temple: 396 daAuts
  Lair:1: 190 daAuts
